 Dungeon Crawl Stone Soup version 0.30-a0-134-gb40fab5c76 (webtiles) character file.

Game seed: 16180359106487808371

125377 Engwar the Severer (level 16, -3/143 (151) HPs)
             Began as a Minotaur Fighter on Sept 20, 2022.
             Was the Champion of Okawaru.
             Killed from afar by an orc sorcerer (33 damage)
             ... with a bolt of negative energy
             ... led by an orc knight
             ... on level 2 of the Orcish Mines.
             The game lasted 01:04:34 (25069 turns).

Engwar the Severer (Minotaur Fighter)              Turns: 25069, Time: 01:04:35

HP:   -3/143 (151)  AC: 35    Str: 33    XL:     16   Next: 41%
MP:   21/21         EV: 12    Int: 10    God:    Okawaru [******]
Gold: 2846          SH: 19    Dex: 15    Spells: 15/15 levels left

rFire   . . .      SeeInvis .    b - +8 broad axe (freeze)
rCold   . . .      Faith    .    y - +0 kite shield
rNeg    . . .      Spirit   .    a - +6 plate armour "Otuces" {Str+3 Dex+5}
rPois   +          Reflect  +    Y - +1 hat {Int+3}
rElec   .          Harm     .    t - +2 cloak {Will+}
rCorr   .          Rampage  .    X - +2 pair of gloves {Str+3}
Will    ++...                    U - +2 pair of boots {Fly}
Stlth   ..........               E - amulet of reflection
HPRegen 0.33/turn                F - ring of poison resistance
MPRegen 0.17/turn                I - +4 ring of evasion

@: flying, drained
A: horns 2, retaliatory headbutt
a: Renounce Religion, Heroism, Finesse, Duel


You were on level 2 of the Orcish Mines.
You worshipped Okawaru.
Okawaru was exalted by your worship.
You visited 4 branches of the dungeon, and saw 23 of its levels.
You also visited: Sewer.

You collected 2846 gold pieces.

Inventory:

Hand Weapons
 b - a +8 broad axe of freezing (weapon)
 R - the +9 executioner's axe of the Sage {vorpal, rCorr Dex+4}
   (Okawaru gifted it to you on level 4 of the Lair of Beasts)

   It inflicts extra damage upon your enemies.
   Dex:       It affects your dexterity (+4).
   rCorr:     It protects you from acid and corrosion.
Missiles
 g - a poisoned dart
 A - a throwing net
 G - 7 datura-tipped darts
 H - 4 boomerangs (quivered)
 M - 3 atropa-tipped darts
 O - 6 javelins
Armour
 a - the +6 plate armour "Otuces" (worn) {Str+3 Dex+5}
   (Okawaru gifted it to you on level 11 of the Dungeon)

   Str:       It affects your strength (+3).
   Dex:       It affects your dexterity (+5).
 t - a +2 cloak of willpower (worn)
 y - a +0 kite shield (worn)
 L - the +4 scale mail "Cyonahoz" {rElec Regen+ Dex+4 SInv}
   (You found it on level 3 of the Lair of Beasts)

   Dex:       It affects your dexterity (+4).
   rElec:     It insulates you from electricity.
   SInv:      It lets you see invisible.
   Regen:     It increases your rate of health regeneration.
 U - a +2 pair of boots of flying (worn)
 X - a +2 pair of gloves of strength (worn)
 Y - a +1 hat of intelligence (worn)
Jewellery
 E - an amulet of reflection (around neck)
 F - a ring of poison resistance (left hand)
 I - a +4 ring of evasion (right hand)
 P - an amulet of guardian spirit
 T - a ring of flight
Wands
 c - a wand of flame (54)
 m - a wand of paralysis (21)
 v - a wand of iceblast (16)
 C - a wand of digging (4)
 D - a wand of light (1)
 Q - a wand of mindburst (9)
Scrolls
 f - 3 scrolls of amnesia
 i - 9 scrolls of teleportation
 l - 3 scrolls of blinking
 n - a scroll of silence
 o - 7 scrolls of fear
 z - a scroll of fog
 N - 3 scrolls of poison
 S - a scroll of magic mapping
Potions
 d - 2 potions of might
 e - 10 potions of ambrosia
 h - 5 potions of brilliance
 j - a potion of lignification
 k - 5 potions of mutation
 q - 2 potions of attraction
 r - 3 potions of haste
 s - 6 potions of heal wounds
 u - 2 potions of cancellation
 w - 4 potions of invisibility
 x - a potion of berserk rage
 B - 2 potions of resistance
 J - 4 potions of curing
 K - a potion of magic
 V - 2 potions of experience


   Skills:
 + Level 15.9 Fighting
 - Level 18.0 Axes
 + Level 8.4 Throwing
 + Level 15.9 Armour
 + Level 15.9 Shields
 - Level 8.0 Invocations


You had 15 spell levels left.
You didn't know any spells.
Your spell library contained the following spells:

 Spells                   Type           Power      Damage    Failure   Level
 Apportation              Tloc           0%         N/A       96%         1
 Shock                    Conj/Air       0%         1d3       96%         1
 Scorch                   Fire           0%         2d5       99%         2
 Searing Ray              Conj           0%         2d4       99%         2
 Static Discharge         Conj/Air       0%         2-2/arc   99%         2
 Dazzling Flash           Conj/Hex       0%         N/A       100%        3
 Portal Projectile        Hex/Tloc       0%         N/A       100%        3
 Dispel Undead            Necr           0%         3d6       100%        4
 Flame Wave               Conj/Fire      0%         2d4       100%        4
 Iskenderun's Mystic Bla  Conj/Tloc      0%         2d3       100%        4
 Leda's Liquefaction      Hex/Erth       0%         N/A       100%        4
 Sticky Flame             Conj/Fire      0%         2d3       100%        4
 Agony                    Necr           0%         N/A       100%        5
 Alistair's Intoxication  Tmut/Pois      0%         N/A       100%        5
 Arcjolt                  Conj/Air       0%         1d10      100%        5
 Borgnjor's Vile Clutch   Necr/Erth      0%         N/A       100%        5
 Silence                  Hex/Air        0%         N/A       100%        5
 Starburst                Conj/Fire      0%         6d3       100%        6
 Orb of Destruction       Conj           0%         9d5       100%        7
 Call Canine Familiar     Summ           Unusable   N/A       N/A         3
 Summon Cactus Giant      Summ           Unusable   N/A       N/A         6

Dungeon Overview and Level Annotations

Branches:
Dungeon (15/15)            Temple (1/1) D:6            Lair (5/5) D:11
  Swamp (0/4) Lair:2       Spider (0/4) Lair:2        Slime (0/5) Lair:4
    Orc (2/2) D:12         Vaults (0/5) D:13         Depths (0/4) D:15
  Sewer (visited)
    Elf: Orc:2

Altars:
Ashenzari
Cheibriados
Dithmenos
Elyvilon
Fedhas
Gozag
Hepliaklqana
Kikubaaqudgha
Makhleb
Nemelex Xobeh
Okawaru
Qazlal
Ru
Sif Muna
Trog
Uskayaw
Vehumet
Wu Jian
Xom
Yredelemnul
Zin
The Shining One
Lugonu

Shops:
D:9 [

Portals:
Abyss: Lair:5

Annotations:
D:3 Sigmund
D:11 3 runed translucent doors, Tyrantos's ghost, journeyman DrFi
D:14 1 runed translucent door
Lair:4 exclusion: oklob plant


Innate Abilities, Weirdness & Mutations

You have a pair of horns on your head.
You reflexively headbutt those who attack you in melee.


Message History

You block the warg's attack. The orc hits you but does no damage.
The orc warrior hits you with a +0 mace!!
* * * LOW HITPOINT WARNING * * *
The orc warrior closely misses you. The warg bites you.
* * * LOW HITPOINT WARNING * * *
The orc sorcerer casts a spell at you.
The bolt of fire hits the orc warrior!!!
The orc warrior dies!
The bolt of fire misses you. The orc hits you but does no damage.
The orc knight unwields a +1 long sword.
The orc knight wields a +0 arbalest of flaming.
It bursts into flame!
The orc knight shoots a bolt.
You reflect the bolt off an invisible shield around you!
The bolt hits the orc knight!!
The bolt burns the orc knight.
You block the orc warrior's attack. You block the warg's attack.
The warg bites you but does no damage.
An orc comes into view. It is wielding a +0 short sword.
The orc closely misses you. You block the orc warrior's attack.
The orc knight shoots a bolt.
You reflect the bolt off an invisible shield around you!
The bolt hits the orc!
The bolt burns the orc.
You kill the orc!
The warg bites you but does no damage. You block the orc's attack.
The orc warrior closely misses you. You block the warg's attack.
An orc warrior comes into view. It is wielding a +0 war axe.
You block the orc's attack.
The orc warrior hits you with a +0 mace!
* * * LOW HITPOINT WARNING * * *
The warg barely misses you. You block the orc's attack.
The warg bites you but does no damage.
The orc sorcerer mumbles some strange words.
You block the orc warrior's attack.
The orc knight roars a battlecry!
You hear a shout!
You block the warg's attack.
The orc sorcerer points at you and mumbles some strange words.
The bolt of negative energy hits you!!
You feel drained.
You die...

.#....).≈≈≈≈###
..........≈≈≈≈## .
#..........≈≈≈# ..
#)...))....≈≈#
...##..##))##...###
.......))..........
......)))).).......
.......)[o...).)...
.#......)@)..).)...
$.<.....ooh))......
........44o........
...................
#.........$o<...#..
#........o.........
#.................
......$........
...............


You could see an orc knight, an orange demon (summoned), a chaos spawn
(summoned), a warg, an orc sorcerer (strong), 2 orc warriors and 2 orcs.

Vanquished Creatures
  A lich (D:14)
  Gastronok (Orc:1)
  A tengu reaver (D:14)
  Nessos (Lair:4)
  The ghost of Ticrolis the Carver, a journeyman DgDe (D:14)
  An ettin (D:15)
  3 hydras
  The ghost of Ymeid the Basher, a journeyman GrFi of Qazlal (Lair:1)
  5 centaur warriors
  A catoblepas (Lair:5)
  2 death knights
  6 two-headed ogres
  2 boulder beetles
  5 tengu warriors
  Urug (D:13)
  A deep troll earth mage (D:14)
  3 thrashing horrors (Lair:5)
  5 skeletal warriors
  Amaemon (D:9)
  An orb spider (Lair:2)
  2 deep trolls (D:15)
  A wizard (D:15)
  2 lindwurms
  A necromancer (D:14)
  Pikel (D:4)
  4 deep elf pyromancers
  A harpy (shapeshifter) (D:13)
  4 orc sorcerers
  3 oklob plants
  5 orc knights
  An ugly thing (D:12)
  19 slime creatures
  6 cyclopes
  14 elephants
  8 black mambas
  6 manticores
  Maurice (D:7)
  A smoke demon (Lair:5)
  A gargoyle (D:11)
  Joseph (D:9)
  An orange demon (D:10)
  6 cane toads
  2 torpor snails (Lair:5)
  A rime drake (Lair:3)
  An efreet (D:14)
  11 komodo dragons
  2 yaktaurs
  3 tengu conjurers
  4 ancient zymes (Lair:5)
  A queen bee (D:10)
  4 trolls
  A meliai (D:14)
  4 polar bears
  2 tyrant leeches (Lair:2)
  A hornet (D:10)
  31 blink frogs
  12 dream sheep
  2 shadows
  3 ynoxinuls (Lair:5)
  3 vampires
  16 humans (D:13)
  5 wraiths
  50 yaks
  A wyvern (Lair:4)
  Grum (D:9)
  8 basilisks
  A chaos spawn (Lair:5)
  3 steam dragons
  Menkaure (D:5)
  7 vampire mosquitoes (D:12)
  2 wargs (Orc:1)
  5 swamp worms (Lair:2)
  An acid dragon (D:13)
  3 large abominations (Lair:5)
  17 water moccasins
  3 black bears
  18 orc warriors
  A sky beast (D:6)
  10 small abominations (Lair:5)
  4 ogres
  19 centaurs
  21 wolves
  A lemure (D:4)
  4 phantoms
  7 kobold brigands
  A bullfrog (shapeshifter) (Lair:5)
  4 necrophages
  6 scorpions
  A gnoll sergeant (D:9)
  14 bullfrogs
  4 wights (D:6)
  A troll zombie (D:12)
  35 killer bees
  An electric eel (Lair:4)
  3 howler monkeys
  A crimson imp (D:9)
  3 hounds
  7 orc priests
  Jessica (D:2)
  4 iguanas
  14 orc wizards
  7 ogre zombies (D:12)
  A boggart simulacrum (D:14)
  5 gnolls
  11 adders
  6 river rats
  4 shadow imps
  5 white imps
  2 ufetubi
  8 worms
  A dart slug (D:1)
  40 orcs
  An endoplasm (D:1)
  7 giant cockroaches
  11 goblins
  6 hobgoblins
  4 jackals (D:2)
  17 ball pythons
  5 bats
  5 frilled lizards
  A goblin skeleton (D:12)
  A goblin zombie (D:12)
  4 hobgoblin zombies (D:12)
  39 kobolds
  4 orc skeletons (D:12)
  15 orc zombies (D:12)
  19 rats
758 creatures vanquished.

Vanquished Creatures (others)
  An orc warrior (Orc:2)
  A bush (Lair:5)
  34 fungi
  34 plants
70 creatures vanquished.

Grand Total: 828 creatures vanquished

Notes
Turn   | Place    | Note
-------+----------+-------------------------------------------
     0 | D:1      | Engwar the Minotaur Fighter began the quest for the Orb.
     0 | D:1      | Reached XP level 1. HP: 19/19 MP: 0/0
   197 | D:1      | Found a faded altar of an unknown god.
   265 | D:1      | Reached XP level 2. HP: 26/27 MP: 1/1
   342 | D:1      | Reached skill level 3 in Axes
   695 | D:2      | Found an ornate altar of the Wu Jian Council.
   893 | D:2      | Reached XP level 3. HP: 33/33 MP: 2/2
   917 | D:2      | Identified the ring "Ducicas" {*Corrode Fly rElec rF-
                  | Dex+9}
  1346 | D:2      | Reached XP level 4. HP: 40/40 MP: 3/3
  1390 | D:2      | Noticed Jessica
  1395 | D:2      | Killed Jessica
  1396 | D:2      | Reached skill level 4 in Axes
  1718 | D:3      | Noticed an ogre
  1730 | D:3      | HP: 1/41 [ogre/+0 giant spiked club (21)]
  1732 | D:3      | Killed an ogre
  1733 | D:3      | Reached XP level 5. HP: 2/47 MP: 4/4
  2083 | D:3      | Paralysed by a hobgoblin for 2 turns
  2108 | D:3      | Found a large runed translucent door.
  2109 | D:3      | Found a large runed translucent door.
  2141 | D:3      | Found a basalt altar of Yredelemnul.
  2154 | D:3      | Found a broken altar of Ashenzari.
  2418 | D:3      | Noticed Sigmund
  2462 | D:4      | Reached skill level 5 in Axes
  2528 | D:4      | Found a glowing drain.
  2567 | Sewer    | Entered a sewer
  2615 | Sewer    | Reached XP level 6. HP: 54/55 MP: 5/5
  2701 | Sewer    | Reached skill level 5 in Fighting
  2701 | Sewer    | Reached skill level 5 in Armour
  2701 | Sewer    | Reached skill level 5 in Shields
  3104 | Sewer    | Reached skill level 6 in Axes
  3279 | Sewer    | Reached XP level 7. HP: 61/61 MP: 6/6
  3432 | D:4      | Identified the +3 mace "Domnirr" {flame, rElec rN++ Str-2
                  | SInv}
  4137 | D:5      | Entered Level 5 of the Dungeon
  4141 | D:5      | Reached skill level 7 in Axes
  4588 | D:5      | Noticed Menkaure
  4597 | D:5      | Killed Menkaure
  4598 | D:5      | Reached XP level 8. HP: 67/70 MP: 7/7
  4725 | D:5      | Noticed Pikel
  4752 | D:4      | Killed Pikel
  4753 | D:4      | Reached skill level 8 in Axes
  4992 | D:5      | Reached skill level 9 in Axes
  5071 | D:5      | Reached XP level 9. HP: 71/79 MP: 8/8
  5308 | D:6      | Found a staircase to the Ecumenical Temple.
  5438 | Temple   | Entered the Ecumenical Temple
  5851 | D:6      | Found an iron altar of Okawaru.
  5868 | D:6      | Became a worshipper of Warmaster Okawaru
  6016 | D:6      | Identified the +6 flail of Keoh {vorpal, rCorr}
  6161 | D:6      | Reached skill level 10 in Axes
  6302 | D:6      | Identified a scroll of acquirement
  6446 | D:6      | Acquired a +3 broad axe of freezing
  6461 | D:6      | Reached * piety under Okawaru
  6511 | D:6      | Reached skill level 11 in Axes
  6749 | D:7      | Reached ** piety under Okawaru
  6773 | D:7      | Reached XP level 10. HP: 50/90 MP: 9/9
  7309 | D:8      | Noticed Maurice
  7448 | D:7      | Killed Maurice
  7755 | D:8      | Reached skill level 1 in Invocations
  8342 | D:9      | Noticed a two-headed ogre
  8355 | D:9      | Killed a two-headed ogre
  8355 | D:9      | Reached *** piety under Okawaru
  8364 | D:9      | Reached skill level 12 in Axes
  8419 | D:9      | Noticed a two-headed ogre
  8428 | D:9      | Killed a two-headed ogre
  8581 | D:9      | Noticed Joseph
  8598 | D:9      | Killed Joseph
  9001 | D:9      | Reached **** piety under Okawaru
  9128 | D:9      | Noticed Grum
  9144 | D:9      | Killed Grum
  9458 | D:9      | Found a shimmering altar of Xom.
  9459 | D:9      | Found a burning altar of Makhleb.
  9551 | D:9      | Found Pushrufah's Armour Boutique.
  9619 | D:9      | Reached XP level 11. HP: 90/99 MP: 12/12
  9702 | D:10     | Entered Level 10 of the Dungeon
  9702 | D:10     | Noticed Amaemon
  9757 | D:9      | Killed Amaemon
 10309 | D:10     | Noticed a two-headed ogre
 10316 | D:10     | Killed a two-headed ogre
 10316 | D:10     | Reached ***** piety under Okawaru
 10317 | D:10     | Reached skill level 13 in Axes
 10352 | D:10     | Reached skill level 10 in Fighting
 10457 | D:10     | Noticed a two-headed ogre
 10467 | D:10     | Killed a two-headed ogre
 10467 | D:10     | Received a gift from Okawaru
 10468 | D:10     | Reached skill level 10 in Armour
 10468 | D:10     | Reached skill level 10 in Shields
 11295 | D:11     | Identified the +7 spear of Nurit {drain, Fly rElec MP+9
                  | Dex+4}
 11364 | D:11     | Identified the +5 war axe of the Dripping Moth {vorpal, rC+
                  | rCorr Int+6 Dex-5}
 11606 | D:11     | Noticed a two-headed ogre
 11615 | D:11     | Killed a two-headed ogre
 11615 | D:11     | Identified the +6 plate armour "Otuces" {Str+3 Dex+5}
                  | (Okawaru gifted it to you on level 11 of the Dungeon)
 11615 | D:11     | Received a gift from Okawaru
 11616 | D:11     | Reached skill level 14 in Axes
 11933 | D:11     | Found a runed translucent gate.
 11941 | D:11     | Found a runed translucent gate.
 11942 | D:11     | Found a runed translucent gate.
 11944 | D:11     | Noticed Tyrantos's ghost (journeyman DrFi)
 12118 | D:11     | Found a staircase to the Lair.
 12446 | D:11     | Reached skill level 5 in Invocations
 12546 | Lair:1   | Entered Level 1 of the Lair of Beasts
 12595 | Lair:1   | Noticed an oklob plant
 12611 | Lair:1   | Found a large runed translucent door.
 12611 | Lair:1   | Found a large runed translucent door.
 12627 | Lair:1   | Noticed Ymeid's ghost (journeyman GrFi)
 12651 | Lair:1   | Killed Ymeid's ghost
 12652 | Lair:1   | Reached skill level 1 in Throwing
 12661 | Lair:1   | Got the Catalogue of Dynamic Excavation
 12797 | Lair:1   | Reached XP level 12. HP: 107/108 MP: 14/14
 13385 | Lair:1   | Noticed a boulder beetle
 13400 | Lair:1   | Killed a boulder beetle
 14297 | Lair:2   | Reached skill level 15 in Axes
 14353 | Lair:2   | Found a hole to the Spider Nest.
 14736 | Lair:2   | Noticed an eight-headed hydra
 14743 | Lair:2   | Killed an eight-headed hydra
 14750 | Lair:2   | Noticed an eight-headed hydra
 14761 | Lair:2   | Killed an eight-headed hydra
 14761 | Lair:2   | Received a gift from Okawaru
 15069 | Lair:2   | Found a staircase to the Swamp.
 15766 | Lair:3   | Identified the +4 scale mail "Cyonahoz" {rElec Regen+ Dex+4
                  | SInv}
 15799 | Lair:3   | Received a gift from Okawaru
 15944 | Lair:3   | Reached XP level 13. HP: 113/117 MP: 15/15
 15969 | Lair:3   | Reached skill level 16 in Axes
 15985 | Lair:3   | Received a gift from Okawaru
 16227 | Lair:3   | Reached ****** piety under Okawaru
 16617 | Lair:4   | Reached skill level 5 in Throwing
 16740 | Lair:4   | Identified the +9 executioner's axe of the Sage {vorpal,
                  | rCorr Dex+4} (Okawaru gifted it to you on level 4 of the
                  | Lair of Beasts)
 16740 | Lair:4   | Received a gift from Okawaru
 16892 | Lair:4   | Noticed Nessos
 16905 | Lair:4   | Killed Nessos
 17187 | Lair:4   | Found a staircase to the Slime Pits.
 17522 | Lair:4   | Reached skill level 17 in Axes
 17522 | Lair:4   | Reached XP level 14. HP: 127/127 MP: 17/17
 17727 | Lair:5   | Entered Level 5 of the Lair of Beasts
 17772 | Lair:5   | Reached skill level 18 in Axes
 17825 | Lair:5   | Received a gift from Okawaru
 18554 | Lair:4   | Reached XP level 15. HP: 128/136 MP: 19/19
 19118 | Lair:5   | Found a corrupted altar of Lugonu.
 19118 | Lair:5   | Found a one-way gate to the infinite horrors of the Abyss.
 19131 | Lair:5   | Identified the +7 rapier of Hosot {freeze, +Blink rC++
                  | Will- Str+3}
 19364 | Lair:5   | Received a gift from Okawaru
 20278 | D:12     | Found a staircase to the Orcish Mines.
 21238 | D:13     | Noticed Urug
 21249 | D:13     | Killed Urug
 21276 | D:13     | Found a gate to the Vaults.
 21838 | D:13     | Found a radiant altar of Vehumet.
 22709 | D:14     | Received a gift from Okawaru
 22758 | D:14     | Reached skill level 15 in Fighting
 22800 | D:14     | Reached skill level 15 in Shields
 22832 | D:14     | Found a runed translucent door.
 22834 | D:14     | Noticed a lich
 22838 | D:14     | Noticed a tengu reaver
 22839 | D:14     | Noticed Ticrolis's ghost (journeyman DgDe)
 22840 | D:14     | Reached skill level 15 in Armour
 22845 | D:14     | Found a runed translucent door.
 22878 | D:14     | Killed a lich
 22883 | D:14     | Killed a tengu reaver
 22894 | D:14     | Killed Ticrolis's ghost
 23129 | D:14     | Reached XP level 16. HP: 149/149 MP: 21/21
 23381 | D:15     | Entered Level 15 of the Dungeon
 23582 | D:15     | Found a staircase to the Depths.
 23672 | D:15     | Identified the +1 ring mail of Forking Paths {Str+2}
                  | (Okawaru gifted it to you on level 15 of the Dungeon)
 23672 | D:15     | Received a gift from Okawaru
 23937 | D:15     | Found an iron altar of Okawaru.
 24376 | Orc:1    | Entered Level 1 of the Orcish Mines
 24514 | Orc:1    | Noticed Gastronok
 24535 | Orc:1    | Killed Gastronok
 24553 | Orc:1    | Found a bloodstained altar of Trog.
 24690 | Orc:2    | Entered Level 2 of the Orcish Mines
 24694 | Orc:1    | Acquired 684 gold pieces
 25069 | Orc:2    | Killed from afar by an orc sorcerer

Illustrated notes

Levels and vault maps discovered:
D:1:      psy_arrival_statuary, layout_loops_ring, basic_ecumenical_altar,
          minmay_misc_feat_enclosed
D:2:      minmay_inner_zag, layout_basic, basic_altar, minmay_pentomino_p4,
          uniq_jessica
D:3:      layout_loops_ring, jmf_multi_god_temple2, uniq_sigmund
D:4:      layout_basic, cheibrodos_sewer_entry_sluice
D:5:      minmay_chambers_of_threes, layout_basic, uniq_pikel, uniq_menkaure
D:6:      layout_gridville, mainiacjoe_overflow_tiny_flanked,
          minmay_temple_entry_overgrown, dk_noncrumbling_4,
          minmay_joined_circles
D:7:      layout_rooms, amethyst_killhole
D:8:      layout_cave_pods, grunt_ogre_cave, chequers_serial_rivers_micro_c,
          uniq_maurice
D:9:      layout_basic, grunt_temple_overflow_champion_of_chaos, serial_shops,
          nicolae_shop_hallway_plus, uniq_grum, uniq_joseph
D:10:     layout_roguey [special_room_bee], enter_bailey_5,
          hangedman_abyss_or_decor_clamps, uniq_amaemon
D:11:     layout_basic, lair_entry_dummy, gammafunk_ghost_necromancy
D:12:     layout_long_grid, zombieorc2_lemuel
D:13:     layout_roguey, david_vaults_3, fiery_altar_vehumet
D:14:     minmay_bubble_buster, layout_cave_pools, chequers_garden,
          muffindrake_ghost_dual_entry, kennysheep_another_room
D:15:     hangedman_depths_entry_civil_slaughter, layout_long_grid,
          okawaru_gym_becter
Temple:   bh_familiar_temple
Lair:1:   minmay_lair_oklob_chamber, layout_cave_pods,
          ebering_ghost_disaster_area, minivault_25
Lair:2:   layout_hall_layers, palyth_hydra_swamp_entry,
          nicolae_spider_entry_orb_guardian, nicolae_lair_lindhole,
          serial_bayou_shore_b, infiniplex_staircase_pool_2,
          lemuel_fruit_fields, serial_bayou_shore_b
Lair:3:   layout_loops_ring, st_stairs_5
Lair:4:   layout_concentric_octagons, slime_entry_1, serial_bayou_shore_a,
          uniq_nessos
Lair:5:   hellmonk_lair_end_abyssal_woods, layout_regular_city,
          nicolae_quartered_pool_medium, hibernation_bobbens
Orc:1:    layout_caves, trog_butcher_becter, uniq_gastronok
Orc:2:    st_orc_rangers, layout_caves, gammafunk_ghost_smash, serial_shops,
          nicolae_shop_crystal

Skill      XL: |  1  2  3  4  5  6  7  8  9 10 11 12 13 14 15 16 |
---------------+-------------------------------------------------+-----
Axes           | 3 4 5 6 7 9 11 12 14 15 17 18 | 18.0
Fighting       | 4 5 6 7 8 9 10 11 12 13 15 | 15.9
Armour         | 4 5 6 7 8 9 10 11 12 13 15 | 15.9
Shields        | 4 5 6 7 8 9 10 11 12 13 15 | 15.9
Invocations    | 3 5 6 7 8 |  8.0
Throwing       | 1 4 5 7 8 |  8.4

Action                   |  1- 3 |  4- 6 |  7- 9 | 10-12 | 13-15 | 16-18 || total
-------------------------+-------+-------+-------+-------+-------+-------++-------
Melee: War axe           |    81 |   149 |   181 |       |       |       ||   411
       Headbutt          |    12 |    22 |    53 |    98 |   147 |    30 ||   362
       Broad axe         |       |       |    52 |   487 |   601 |   130 ||  1270
       Executioner's axe |       |       |       |       |    23 |       ||    23
Throw: Dart              |       |    10 |    13 |    31 |       |       ||    54
       Boomerang         |       |       |       |    14 |     8 |       ||    22
Invok: Heroism           |       |       |       |     4 |     1 |       ||     5
       Finesse           |       |       |       |     1 |     1 |       ||     2
  Use: Scroll            |     6 |     6 |     9 |    10 |     9 |     2 ||    42
       Potion            |       |     1 |       |     4 |     2 |       ||     7
Armor: Scale mail        |    33 |    64 |    33 |    11 |     6 |       ||   147
       Chain mail        |       |       |   104 |   118 |       |       ||   222
       Plate armour      |       |       |       |    77 |   246 |    87 ||   410
Dodge: Dodged            |    33 |    69 |    42 |   150 |   157 |    86 ||   537
Block: Buckler           |    15 |    44 |     3 |       |       |       ||    62
       Kite shield       |       |       |   110 |   280 |   467 |   262 ||  1119
       Other             |       |       |       |       |     6 |       ||     6
       Reflection        |       |       |       |       |    14 |   129 ||   143

Table legend: (Time is in decaauts)
 A = Elapsed time spent in this place.
 B = Non-inter-level travel time spent in this place.
 C = Inter-level travel time spent in this place.
 D = Time resting spent in this place.
 E = Time spent auto-exploring this place.
 F = Levels seen in this place.
 G = Mean time per level.
                   A        B        C        D        E       F      G
               +--------+--------+--------+--------+--------+-----+--------+
         Total |  25080 |  23896 |   1184 |   3218 |  15734 |  24 | 1045.0 |
       Dungeon |  16351 |  15434 |    917 |   2450 |   9989 |  15 | 1090.1 |
        Temple |    178 |    170 |      8 |      0 |    165 |   1 |  178.0 |
          Lair |   7064 |   6822 |    242 |    543 |   4996 |   5 | 1412.8 |
  Orcish Mines |    680 |    664 |     16 |    222 |    220 |   2 |  340.0 |
         Sewer |    805 |    805 |      0 |      3 |    363 |   1 |  805.0 |
               +--------+--------+--------+--------+--------+-----+--------+

Top non-repeatable levels by time:
     D:9: 1755 daAuts
  Lair:5: 1720 daAuts
  Lair:2: 1664 daAuts
  Lair:1: 1605 daAuts
     D:6: 1340 daAuts
  Lair:4: 1241 daAuts
    D:12: 1236 daAuts
    D:13: 1201 daAuts
     D:5: 1199 daAuts
    D:14: 1191 daAuts
    D:11: 1132 daAuts
     D:2: 1058 daAuts
    D:10: 1032 daAuts
     D:8: 1011 daAuts
     D:4: 1007 daAuts
